 Dungeon Crawl Stone Soup version 0.31.0-11-ge490571c62 (webtiles) character file.

Game seed: 8637759167175113847

2 Daunt the Sneak (level 1, -1/18 HPs)
             Began as a Human Delver on Jan 27, 2024.
             Splashed by a jelly's acid (9 damage)
             ... on level 6 of the Dungeon.
             The game lasted 00:02:24 (148 turns).

Daunt the Sneak (Human Delver)                       Turns: 148, Time: 00:02:24

Health: -1/18      AC: -5    Str: 12    XL:     1   Next: 30%
Magic:  1/1        EV: 12    Int: 10    God:
Gold:   32         SH:  0    Dex: 14    Spells: 0/0 levels left

rFire   . . .        h - +3 dagger
rCold   . . .        (no shield)
rNeg    . . .        b - +0 leather armour
rPois   .            (no helmet)
rElec   .            (no cloak)
rCorr   .            (no gloves)
SInv    .            (no boots)
Will    .....        (no amulet)
Stlth   +++          (no ring)
HPRegen 0.23/turn    (no ring)
MPRegen 0.07/turn

%: no passive effects
@: corroded
A: explore regen
a: no special abilities


You were on level 6 of the Dungeon.
You visited 1 branch of the dungeon, and saw 2 of its levels.

You collected 32 gold pieces.

Inventory:

Hand Weapons
 a - a +0 falchion
 h - a +3 dagger (weapon)
Armour
 b - a +0 leather armour (worn)
 d - the +1 ring mail of the Shoals {Str+2 Dex-3 Stlth+}
   (You found it on level 5 of the Dungeon)

   Str+2:     It affects your strength (+2).
   Dex-3:     It affects your dexterity (-3).
   Stlth+:    It makes you more stealthy.
 i - a scarf of invisibility
Wands
 g - a wand of digging (3)
Scrolls
 c - a scroll of fog
 e - a scroll of fear
Potions
 f - a potion of haste


   Skills:
 - Level 3.0 Fighting
 + Level 0.0(1.1) Short Blades
 - Level 2.0 Long Blades
 - Level 2.0 Dodging
 - Level 5.0 Stealth


You couldn't memorise any spells.
You didn't know any spells.
Your spell library was empty.

Dungeon Overview and Level Annotations

Branches:
Dungeon (6/15)             Temple (0/1) D:5

Altars:

Annotations:
D:5 Edmund


Innate Abilities, Weirdness & Mutations

You regain HP and MP as you explore.


Message History

Your movement speed is average.
Your attack delay is about 0.9.
Your damage rating with your +3 dagger is about 7 (Base 4 x 110% (Dex) x 107% (Skill) + 3 (Ench)).
Unknown command.
There is a stone staircase leading down here.
You climb downwards.
HP restored.
Found 18 gold pieces.
Found a stone staircase leading up.
There is a stone staircase leading up here.
There is a stone staircase leading up here.
You climb upwards.
Level annotation: Edmund
There is a stone staircase leading down here.
You climb downwards.
There is a stone staircase leading up here.
You now have 32 gold pieces (gained 18).
A jelly comes into view.
The jelly quivers.
A jelly is nearby!
A jelly comes into view.
A jelly comes into view.
The jelly quivers.
Found an embroidered scarf.
You see here a scarf of invisibility.
Press: ? - help, v - describe, . - travel
Here: a jelly The floor.
Unknown command.
Unknown command.
i - a scarf of invisibility
Found an escape hatch in the floor.
A hound comes into view.
The jelly attacks as it pursues you! The jelly closely misses you.
Found 5 stones.
Found a stone staircase leading up.
The jelly attacks as it pursues you! The jelly hits you. The acid corrodes you!
You are splashed with acid!
Unknown command.
There is a stone staircase leading up here.
The jelly hits you. The acid corrodes you!
You are splashed with acid!
Ouch! That really hurt!
You die...

### #.# #.# ##.######.
######......... #......@#
#.####.J# #..# ####... ...
.####.J####..........
.h.....(.........##.#.##
#.####..................
#.................. #.#
####.####..########.#####..
#
...........###..#..........


You could see 2 jellies.

Vanquished Creatures
  An orc (D:5)
1 creature vanquished.

Notes
Turn   | Place    | Note
-------+----------+-------------------------------------------
     0 | D:5      | Daunt the Human Delver began the quest for the Orb.
     0 | D:5      | Reached XP level 1. HP: 18/18 MP: 1/1
    18 | D:5      | Identified the +1 ring mail of the Shoals {Str+2 Dex-3
                  | Stlth+}
    24 | D:5      | Noticed Edmund
    90 | D:6      | Noticed a jelly
    99 | D:6      | Noticed a jelly
   108 | D:6      | Noticed a jelly
   136 | D:6      | Noticed a hound
   148 | D:6      | Splashed by a jelly's acid

Illustrated notes

Levels and vault maps discovered:
D:5:      layout_gridville, minmay_temple_entry_grid, minmay_hedge_maze,
          uniq_blork_the_orc, uniq_pikel, uniq_edmund
D:6:      cheibrodos_barr_body, layout_basic, kennysheep_little_box,
          pdpol_wu_jian_five_deadly_venoms, mainiacjoe_overflow_24_doors,
          serial_corexii_hall, corexii_hall_statues_x,
          chequers_hall_statues_wall_a, chequers_hall_statues_corner_a

Action                     || total
---------------------------++-------
  Melee: Falchion          ||     2
    Use: Scroll            ||     1
 Armour: Leather armour    ||     3
  Dodge: Dodged            ||     1
